 Dungeon Crawl Stone Soup version 0.30.1-11-g7821555f0a (webtiles) character file.

Game seed: 11231540583002010475

58 Okkudo the Chopper (level 4, 0/41 HPs)
             Began as a Hill Orc Monk on Nov 29, 2023.
             Slain by a gnoll
             ... wielding a +0 halberd
              (8 damage)
             ... on level 3 of the Dungeon.
             The game lasted 00:05:13 (1463 turns).

Okkudo the Chopper (Hill Orc Monk)                  Turns: 1463, Time: 00:05:14

Health: 0/41       AC:  5    Str: 15    XL:     4   Next: 2%
Magic:  4/4        EV: 11    Int: 10    God:
Gold:   117        SH:  0    Dex: 13    Spells: 3/3 levels left

rFire   . . .        a - +0 hand axe
rCold   . . .        d - orb {light}
rNeg    . . .        g - +0 ring mail
rPois   .            (no helmet)
rElec   .            (no cloak)
rCorr   .            (no gloves)
SInv    .            (no boots)
Will    .....        (no amulet)
Stlth   +            (no ring)
HPRegen 0.26/turn    (no ring)
MPRegen 0.09/turn

%: no passive effects
@: glowing
A: no striking features
a: no special abilities


You were on level 3 of the Dungeon.
You visited 1 branch of the dungeon, and saw 3 of its levels.

You collected 117 gold pieces.

Inventory:

Hand Weapons
 a - a +0 hand axe (weapon)
Missiles
 k - 5 javelins (quivered)
 r - 5 poisoned darts
Armour
 d - an orb of light (worn)
 g - a +0 ring mail (worn)
Scrolls
 e - a scroll of blinking {unknown}
 f - a scroll of teleportation {unknown}
 h - a scroll of identify {unknown}
 m - a scroll of fog {unknown}
 n - a scroll of fear {unknown}
Potions
 b - 2 potions of curing {unknown}
 c - a potion of ambrosia
 i - a potion of magic {unknown}
 j - a potion of resistance {unknown}
 l - a potion of berserk rage {unknown}
 o - a potion of mutation {unknown}
 p - a potion of invisibility {unknown}
 q - 2 potions of attraction {unknown}
 s - a potion of heal wounds {unknown}


   Skills:
 + Level 4.4 Fighting
 + Level 4.9 Axes
 + Level 3.0 Dodging


You had 3 spell levels left.
You didn't know any spells.
Your spell library was empty.

Dungeon Overview and Level Annotations

Branches:
Dungeon (3/15)

Altars:
Wu Jian


Message History

Done exploring.
There is a stone staircase leading down here.
Okay, then.
You climb downwards.
The gnoll shouts!
Found a viscous black potion.
There is a stone staircase leading up here.
A gnoll comes into view. It is wielding a +0 flail.
The gnoll shouts!
You hear a shout!
A gnoll comes into view. It is wielding a +0 flail.
Found 18 gold pieces.
Found a stone staircase leading up.
The gnoll shouts!
A gnoll comes into view. It is wielding a +0 halberd.
You barely miss the gnoll. The gnoll completely misses you.
You hit the gnoll.
The gnoll is lightly wounded.
The gnoll completely misses you.
You hit the gnoll.
The gnoll is moderately wounded.
The gnoll closely misses you.
The gnoll hits you from afar with a +0 halberd!
You hit the gnoll but do no damage.
The gnoll is moderately wounded.
The gnoll hits you with a +0 flail!
The gnoll hits you from afar with a +0 halberd.
You barely miss the gnoll.
The gnoll is moderately wounded.
The gnoll misses you.
The gnoll hits you from afar with a +0 halberd!
You hit the gnoll.
The gnoll is almost dead.
The gnoll closely misses you.
The gnoll hits you from afar with a +0 halberd.
* * * LOW HITPOINT WARNING * * *
The gnoll attacks as you move away! The gnoll closely misses you.
There is a stone staircase leading up here.
The gnoll hits you with a +0 flail.
* * * LOW HITPOINT WARNING * * *
The gnoll hits you from afar with a +0 halberd!
You die...

#..# ##..#
.!. # #.#
#.##g##
#.#.g.###.##
#...g......#
###.g.####.#
##@## #.#
#.# #.# #.#
#.# #.# #.#


You could see 4 gnolls.

Vanquished Creatures
  A worm (D:2)
  A dart slug (D:1)
  6 endoplasms
  4 giant cockroaches
  7 hobgoblins
  A jackal (D:1)
  3 quokkas
  5 ball pythons
  A bat (D:1)
  4 frilled lizards
  6 goblins
  4 kobolds
  7 rats
50 creatures vanquished.

Notes
Turn   | Place    | Note
-------+----------+-------------------------------------------
     0 | D:1      | Okkudo the Hill Orc Monk began the quest for the Orb.
     0 | D:1      | Reached XP level 1. HP: 19/19 MP: 1/1
   114 | D:1      | Reached XP level 2. HP: 27/27 MP: 2/2
   579 | D:1      | Reached XP level 3. HP: 31/33 MP: 3/3
   723 | D:2      | Found an ornate altar of the Wu Jian Council.
  1299 | D:2      | Reached XP level 4. HP: 41/41 MP: 4/4
  1463 | D:3      | Slain by a gnoll

Illustrated notes

Levels and vault maps discovered:
D:1:      dpeg_arrival_pond, layout_basic, minmay_vboxes
D:2:      layout_loops_ring, basic_altar, dreamdust_wishing_well,
          chequers_serial_rivers_room_b, dreamdust_mushroom_princess,
          small_statue_intersection, minivault_19
D:3:      layout_loops_ring, shapermc_ecumenical_altar_mp_highgroup,
          uniq_natasha

Skill      XL: |  1  2  3 |
---------------+----------+-----
Fighting       | 4 |  4.4
Dodging        | 3 |  3.0
Axes           | |  4.9

Action                     |  1- 3 |  4- 6 || total
---------------------------+-------+-------++-------
  Melee: Hand axe          |   118 |     8 ||   126
 Armour: Ring mail         |    38 |       ||    38
  Dodge: Dodged            |    61 |     7 ||    68
